 Dungeon Crawl Stone Soup version 0.26-a0-712-ga5a9c9c9d0 (webtiles) character file.

Game seed: 983688345944835547

618 nicanaca0 the Covert (level 7, -4/44 HPs)
             Began as a Kobold Delver on Nov 11, 2020.
             Was a Follower of Dithmenos.
             Slain by Prince Ribbit (7 damage)
             ... on level 5 of the Dungeon.
             The game lasted 00:09:45 (5111 turns).

nicanaca0 the Covert (Kobold Delver)                Turns: 5111, Time: 00:09:45

Health: -4/44      AC:  5    Str:  9 (11) XL:     7   Next: 74%
Magic:  7/7        EV: 16    Int: 10 (11) God:    Dithmenos [*.....]
Gold:   271        SH:  0    Dex: 17 (20) Spells: 6/6 levels left

rFire    . . .     SeeInvis .   j - +2 dagger "Giantbane" {freeze, Fragile Dex+3}
rCold    . . .     Faith    .   (shield restricted)
rNeg     . . .     Spirit   .   b - +0 leather armour
rPois    .         Reflect  .   (no helmet)
rElec    .         Harm     .   k - +1 cloak
rCorr    +         Rampage  .   (no gloves)
MR       .....                  (no boots)
Stlth    ++++++....             (no amulet)
HPRegen  0.14/turn              y - ring of resist corrosion
MPRegen  0.10/turn              (no ring)

@: wreathed by umbra
A: small, nightstalker 3
a: Renounce Religion


You were on level 5 of the Dungeon.
You worshipped Dithmenos.
Dithmenos was aware of your devotion.
You visited 2 branches of the dungeon, and saw 6 of its levels.

You collected 271 gold pieces.

Inventory:

Hand Weapons
 a - a +0 short sword
 j - the +2 dagger "Giantbane" (weapon) {freeze, Fragile Dex+3}
   (You found it on level 5 of the Dungeon)

   It has been specially enchanted to freeze those struck by it, causing extra
   injury to most foes and up to half again as much damage against particularly
   susceptible opponents.
   It can also slow down cold-blooded creatures.
   It affects your dexterity (+3).
   It will be destroyed if unequipped.
Missiles
 o - 3 boomerangs (quivered)
Armour
 b - a +0 leather armour (worn)
 k - a +1 cloak (worn)
Jewellery
 y - a ring of resist corrosion (left hand)
Wands
 g - a wand of digging (3)
 h - a wand of polymorph (3)
Scrolls
 c - a scroll of fog
 d - 2 scrolls of magic mapping
 e - a scroll of fear
 q - a scroll of remove curse {@r2}
 r - a scroll of random uselessness
 t - 4 scrolls of teleportation
Potions
 f - 4 potions of haste
 i - a potion of cancellation {unknown}
 l - a potion of berserk rage
 m - a potion of heal wounds
 n - a potion of invisibility {unknown}
 p - a potion of degeneration
 u - 2 potions of flight
 v - a potion of brilliance {unknown}
 x - a potion of lignification
 z - a potion of curing {@q1}


   Skills:
 + Level 4.8 Fighting
 * Level 6.5 Short Blades
 + Level 4.4 Dodging
 * Level 9.2 Stealth


You had 6 spell levels left.
You didn't know any spells.
Your spell library contained the following spells:

 Spells                   Type           Power        Failure   Level
 Beastly Appendage        Tmut           #.....       47%         1
 Wereblood                Tmut           #.......     63%         2
 Spider Form              Tmut/Pois      #.........   85%         3
 Ice Form                 Ice/Tmut       #.......     99%         4
 Blade Hands              Tmut           #.........   100%        5


Dungeon Overview and Level Annotations

Branches:
Dungeon (5/15)             Temple (1/1) D:4

Altars:
Ashenzari
Cheibriados
Dithmenos
Gozag
Hepliaklqana
Kikubaaqudgha
Okawaru
Qazlal
Ru
Sif Muna
Trog
Uskayaw
Vehumet
Wu Jian
Xom
Yredelemnul
The Shining One

Annotations:
D:3 2 transporters
D:4 1 exclusion
D:5 Prince Ribbit


Innate Abilities, Weirdness & Mutations

You are small and have problems with some larger weapons.
You are completely attuned to the shadows.


Message History

The iguana bites you.
You closely miss the iguana.
The iguana is moderately wounded.
Prince Ribbit hits you!
* * * LOW HITPOINT WARNING * * *
The iguana closely misses you.
You hit the iguana.
The iguana seems to slow down.
You freeze the iguana.
The iguana is moderately wounded.
Prince Ribbit hits you.
* * * LOW HITPOINT WARNING * * *
You miss Prince Ribbit.
Prince Ribbit is lightly wounded.
Prince Ribbit closely misses you. The iguana barely misses you.
Evoke which item? (* to show all) (? for menu, Esc to quit)
Press: ? - help, Shift-Dir - straight line, f - iguana, p - Prince Ribbit
Aim: an iguana (moderately wounded, slow, umbra, chance to defeat MR: 54%)
The iguana evaporates and reforms as a river rat!
Prince Ribbit hops awkwardly around.
Prince Ribbit hits you!
You die...

#....#......####...(.......(#
#....#...........#.##......(.
#....#.................####..
#....#......######...........
##.....###### ##.........#.
##...(...## ##...######...
#.........# ##..#..# ###.
#.........# ####..###.# ##...
#.........# #@F..## #'# .....
#.......).# #r#####♣♣.♣♣###.#.
#.........# #.# #..♣..# #...
##.......####.#####..♣..###...
#..........##.....#♣.♣.♣#.....
#<.............##########.....
#.........#...########.......#
#........§#..............#####
#.......F....######l#....#


You could see Prince Ribbit and a river rat.

Vanquished Creatures
  A phantom (D:4)
  A centaur (D:5)
  A crimson imp (D:4)
  A jelly (D:5)
  A centaur skeleton (D:3)
  An orc priest (D:5)
  An orc wizard (D:4)
  Natasha (twice) (D:4)
  An iguana (D:5)
  2 worker ants
  Terence (D:2)
  2 gnolls (D:1)
  7 adders
  A shadow imp (D:5)
  A worm (D:3)
  2 dart slugs
  2 leopard geckos
  4 orcs
  3 bats
  6 giant cockroaches
  5 goblins
  4 hobgoblins
  2 quokkas (D:4)
  2 ball pythons
  5 frilled lizards
  9 kobolds
  A leopard gecko skeleton (D:4)
  9 rats
  A spectral orc (D:4)
79 creatures vanquished.

Vanquished Creatures (others)
  2 withered plants (D:3)
2 creatures vanquished.

Grand Total: 81 creatures vanquished

Notes
Turn   | Place    | Note
-------+----------+-------------------------------------------
     0 | D:5      | nicanaca0 the Kobold Delver began the quest for the Orb.
     0 | D:5      | Reached XP level 1. HP: 14/14 MP: 1/1
    11 | D:5      | Reached XP level 2. HP: 19/19 MP: 2/2
   102 | D:5      | Reached skill level 7 in Stealth
   102 | D:5      | Reached XP level 3. HP: 23/23 MP: 3/3
   104 | D:5      | Got a smoking dagger
   119 | D:5      | Identified the cursed +2 dagger "Giantbane" {freeze,
                  | Fragile Dex+3} (You found it on level 5 of the Dungeon)
   140 | D:5      | Reached XP level 4. HP: 29/29 MP: 4/4
   214 | D:4      | Noticed Natasha
   362 | D:4      | Found a staircase to the Ecumenical Temple.
   368 | Temple   | Entered the Ecumenical Temple
   631 | Temple   | Became a worshipper of Dithmenos the Shadowed
   765 | D:4      | Noticed a phantom
   769 | D:4      | Killed a phantom
   769 | D:4      | Reached XP level 5. HP: 33/33 MP: 5/5
   829 | D:3      | Reached skill level 8 in Stealth
   829 | D:3      | Reached XP level 6. HP: 29/38 MP: 6/6
  1020 | D:1      | Reached skill level 5 in Short Blades
  1462 | D:1      | Reached * piety under Dithmenos
  2088 | D:2      | Noticed Terence
  2092 | D:2      | Killed Terence
  2690 | D:3      | Found a transporter.
  2977 | D:3      | Found a transporter.
  3037 | D:3      | Found an ancient bone altar of Kikubaaqudgha.
  3348 | D:4      | Killed Natasha
  3444 | D:4      | Reached XP level 7. HP: 44/44 MP: 7/7
  3452 | D:4      | Noticed Grinder
  3615 | D:4      | Paralysed by Grinder for 6 turns
  3626 | D:4      | Noticed Grinder
  3626 | D:4      | Grinder changed into Grinder the lemure
  3628 | D:4      | Noticed Grinder
  3628 | D:4      | Grinder the lemure changed into Grinder the crimson imp
  3646 | D:4      | Killed Grinder the crimson imp
  3896 | D:4      | Noticed Natasha
  3898 | D:4      | Killed Natasha
  3946 | D:4      | Found a basalt altar of Yredelemnul.
  4035 | D:5      | Noticed Prince Ribbit
  4593 | D:5      | Reached skill level 9 in Stealth
  5111 | D:5      | Slain by Prince Ribbit

Illustrated notes

Levels and vault maps discovered:
D:1:      scummos_arrival_simple_fountains, layout_basic,
          chequers_serial_rivers_micro_a, minmay_misc_feat_five
D:2:      layout_loops_ring, kennysheep_decorative_pillar, kennysheep_nub,
          minmay_misc_feat_enclosed, uniq_terence
D:3:      gammafunk_wand_slinger, layout_basic, kiku_gazebo_garden_becter,
          minmay_crystal_room
D:4:      layout_cave_pods, yredelemnul_forgotten_temple_becter,
          minmay_temple_entry_enclosed_plants, uniq_natasha, uniq_grinder
D:5:      layout_rooms, dk_vineyard_3, chequers_arboretum, uniq_prince_ribbit1
Temple:   regret_index_temple_generic_petals

Skill      XL: |  1  2  3  4  5  6  7 |
---------------+----------------------+-----
Short Blades   | 3 4 5 6 |  6.5
Stealth        | 7 8 9 |  9.2
Dodging        | 3 4 |  4.4
Fighting       | 4 |  4.8

Action                   |  1- 3 |  4- 6 |  7- 9 || total
-------------------------+-------+-------+-------++-------
Melee: Short sword       |    10 |       |       ||    10
       Dagger            |     1 |   116 |   133 ||   250
Throw: Throwing net      |       |       |     6 ||     6
Evoke: Wand              |       |       |     5 ||     5
  Use: Scroll            |       |       |     7 ||     7
       Potion            |       |       |     3 ||     3
 Stab: Sleeping          |     3 |    36 |     5 ||    44
       Distracted        |       |     2 |     1 ||     3
Armor: Leather armour    |       |    12 |    13 ||    25
Dodge: Dodged            |     6 |    39 |    61 ||   106

Table legend: (Time is in decaauts)
 A = Elapsed time spent in this place.
 B = Non-inter-level travel time spent in this place.
 C = Inter-level travel time spent in this place.
 D = Time resting spent in this place.
 E = Time spent auto-exploring this place.
 F = Levels seen in this place.
 G = Mean time per level.
                   A        B        C        D        E       F      G
               +--------+--------+--------+--------+--------+-----+--------+
         Total |   5045 |   4782 |    263 |    876 |   3052 |   6 |  840.8 |
       Dungeon |   4743 |   4544 |    199 |    876 |   2816 |   5 |  948.6 |
        Temple |    301 |    237 |     64 |      0 |    236 |   1 |  301.0 |
               +--------+--------+--------+--------+--------+-----+--------+

Top non-repeatable levels by time:
     D:4: 1476 daAuts
     D:1: 990 daAuts
     D:2: 803 daAuts
     D:5: 793 daAuts
     D:3: 678 daAuts
  Temple: 301 daAuts
